 Dungeon Crawl Stone Soup version 0.28-a0-175-gb2089b6bb7 (webtiles) character file.

Game seed: 9652852603309464267

255 Nattfarinn the Magician (level 6, -7/40 HPs)
             Began as a Djinni Venom Mage on Aug 17, 2021.
             Mangled by an ice beast (12 damage)
             ... on level 3 of the Dungeon.
             The game lasted 00:05:10 (4522 turns).

Nattfarinn the Magician (Djinni Venom Mage)         Turns: 4522, Time: 00:05:11

Health: -7/40      AC:  2    Str:  7    XL:     6   Next: 38%
Gold:   111        EV: 12    Int: 19    God:
                   SH:  0    Dex: 13

rFire   + + .      SeeInvis .   (no weapon)
rCold   x . .      Faith    .   (no shield)
rNeg    . . .      Spirit   .   a - +0 robe
rPois   ∞          Reflect  .   (no helmet)
rElec   .          Harm     .   (no cloak)
rCorr   .          Rampage  .   (no gloves)
Will    .....                   (boots unavailable)
Stlth   ++........              (no amulet)
HPRegen 0.13/turn               (no ring)
MPRegen 0.00/turn               (no ring)

@: flying
A: sickness immunity, fire resistance 2, cold vulnerability 1, float, innate
caster, hp casting, extra vitality 1
a: no special abilities


You were on level 3 of the Dungeon.
You visited 1 branch of the dungeon, and saw 3 of its levels.

You collected 111 gold pieces.

Inventory:

Missiles
 k - 61 stones
Armour
 a - a +0 robe (worn)
Jewellery
 g - a +4 ring of protection
Scrolls
 f - a scroll of silence {unknown}
Potions
 b - a potion of curing {unknown}
 c - 2 potions of cancellation {unknown}
 d - 3 potions of heal wounds {unknown}
 e - a potion of invisibility {unknown}


   Skills:
 - Level 2.1 Dodging
 - Level 1.5 Stealth
 * Level 5.2 Spellcasting


You had 2 spell levels left.
You knew the following spells:

 Your Spells              Type           Power      Damage    Failure   Level
a - Sting                 Tmut/Pois      96%        1d7       1%          1
b - Poisonous Vapours     Pois/Air       48%        N/A       2%          2
c - Mephitic Cloud        Conj/Pois/Air  24%        N/A       4%          3
d - Olgreb's Toxic Radia  Pois           24%        N/A       14%         4
e - Sandblast             Erth           48%        2d12      1%          1
f - Passwall              Tmut/Erth      20%        N/A       2%          2
Your spell library was empty.

Dungeon Overview and Level Annotations

Branches:
Dungeon (3/15)

Altars:


Innate Abilities, Weirdness & Mutations

You are immune to sickness and miasma.
You are immune to poison.
Your flesh is very heat resistant. (rF++)
You are vulnerable to cold. (rC-)
You float through the air rather than walking.
You learn spells naturally, not from books.
Your magical power is your life essence.
You have superior vitality. (+4 HP)


Message History

The ice beast is moderately wounded.
k - 66 stones The ice beast barely misses you.
Casting: Sandblast (safe; 1% risk of failure)
Confirm with . or Enter, or press ? or * to list all spells.
Aiming: Sandblast (safe; 1% risk of failure)
Press: ? - help, Shift-Dir - straight line, f/p - ice beast
Aim: an ice beast (moderately wounded, 81% to hit)
The blast of sand hits the ice beast.
The ice beast is heavily wounded.
k - 65 stones The ice beast closely misses you.
The blast of sand hits the ice beast.
The ice beast is heavily wounded.
The ice beast hits you. The ice beast freezes you!
You feel a terrible chill!
The blast of sand hits the ice beast.
The ice beast is heavily wounded.
The ice beast misses you.
Unknown command.
The blast of sand hits the ice beast.
The ice beast is severely wounded.
The ice beast hits you. The ice beast freezes you!
You feel a terrible chill!
* * * LOW HITPOINT WARNING * * *
You are too injured to fight recklessly!
Unknown command.
Casting: Sandblast (safe; 1% risk of failure)
Confirm with . or Enter, or press ? or * to list all spells.
Okay, then.
Casting: Sandblast (safe; 1% risk of failure)
Confirm with . or Enter, or press ? or * to list all spells.
Aiming: Sandblast (safe; 1% risk of failure)
Press: ? - help, Shift-Dir - straight line, f/p - ice beast
Aim: an ice beast (severely wounded, 81% to hit)
The blast of sand hits the ice beast.
The ice beast is almost dead.
* * * LOW HITPOINT WARNING * * *
The ice beast hits you.
* * * LOW HITPOINT WARNING * * *
The ice beast freezes you!
You feel a terrible chill!
You die...

.........##..## .......#..##.
###..###.###..# ####.#.#..#..
#.## #......## #.#...##.. #.#
##)####..#########.##..#..# # #.#
#.........≈≈8≈≈... #..#..# ###.#
#.####.....≈≈≈.....###.##..
.##.###)#####............###..#..
..........####................##.
#..##...#.......@Y.............#.
#....................(...........
...##.#######....................
#.###.# #.....................
..##..# #.#........)..........
..##.## #..#...................
.....### #.########..........###
###....# .. #..........†.. #
#....# #..........#.#


You could see an ice beast.

Vanquished Creatures
  2 gnoll shamans
  11 gnolls
  4 adders
  A worm (D:3)
  9 endoplasms
  A giant cockroach (D:1)
  5 goblins
  5 hobgoblins
  3 kobolds
  3 quokkas
  5 ball pythons
  5 bats
  A frilled lizard (D:1)
  4 rats
59 creatures vanquished.

Notes
Turn   | Place    | Note
-------+----------+-------------------------------------------
     0 | D:1      | Nattfarinn the Djinni Venom Mage began the quest for the
                  | Orb.
     0 | D:1      | Reached XP level 1. HP: 15/15 MP: 0/0
   133 | D:1      | Reached XP level 2. HP: 2/21 MP: 0/0
   553 | D:1      | Reached skill level 3 in Spellcasting
  1000 | D:1      | Reached XP level 3. HP: 25/25 MP: 0/0
  1000 | D:1      | Learned a level 1 spell: Sandblast
  2539 | D:2      | Reached XP level 4. HP: 26/31 MP: 0/0
  2666 | D:2      | Reached skill level 4 in Spellcasting
  2668 | D:2      | Reached XP level 5. HP: 13/35 MP: 0/0
  2668 | D:2      | Learned a level 2 spell: Passwall
  3618 | D:3      | Noticed an ice beast
  3791 | D:3      | Reached XP level 6. HP: 25/40 MP: 0/0
  3792 | D:3      | Reached skill level 5 in Spellcasting
  4522 | D:3      | Mangled by an ice beast

Illustrated notes

Levels and vault maps discovered:
D:1:      amcnicky_arrival_double_pillar, layout_loops_corners, hex_medium
D:2:      layout_basic, kennysheep_generic_room_16
D:3:      layout_rooms, moated_statue, minmay_misc_feat_iff

Skill      XL: |  1  2  3  4  5  6 |
---------------+-------------------+-----
Spellcasting   | 3 4 5 |  5.2
Dodging        | |  2.1
Stealth        | |  1.5

Action                   |  1- 3 |  4- 6 || total
-------------------------+-------+-------++-------
Melee: Unarmed           |     1 |       ||     1
 Cast: Sting             |    76 |    39 ||   115
       Olgreb's Toxic Ra |       |     9 ||     9
       Sandblast         |       |    11 ||    11
  Use: Scroll            |       |     3 ||     3
Armor: Robe              |     6 |     8 ||    14
Dodge: Dodged            |    14 |    23 ||    37

Table legend: (Time is in decaauts)
 A = Elapsed time spent in this place.
 B = Non-inter-level travel time spent in this place.
 C = Inter-level travel time spent in this place.
 D = Time resting spent in this place.
 E = Time spent auto-exploring this place.
 F = Levels seen in this place.
 G = Mean time per level.
                   A        B        C        D        E       F      G
               +--------+--------+--------+--------+--------+-----+--------+
         Total |   4523 |   4446 |     77 |    738 |   3319 |   3 | 1507.7 |
       Dungeon |   4523 |   4446 |     77 |    738 |   3319 |   3 | 1507.7 |
               +--------+--------+--------+--------+--------+-----+--------+

Top non-repeatable levels by time:
     D:2: 1890 daAuts
     D:1: 1759 daAuts
     D:3: 873 daAuts
